 Dungeon Crawl Stone Soup version 0.27.1 (webtiles) character file.

Game seed: 4212914659715295240

12 promet the Vexing (level 2, -1/23 HPs)
             Began as a Gnoll Arcane Marksman on Aug 25, 2021.
             Slain by a hobgoblin (3 damage)
             ... on level 1 of the Dungeon.
             The game lasted 00:02:27 (487 turns).

promet the Vexing (Gnoll Arcane Marksman)            Turns: 487, Time: 00:02:27

Health: -1/23      AC:  2    Str:  9    XL:     2   Next: 33%
Magic:  1/5        EV: 13    Int: 12    God:
Gold:   38         SH:  0    Dex: 12    Spells: 3/6 levels left

rFire    . . .     SeeInvis .   a - +0 short sword
rCold    . . .     Faith    .   (no shield)
rNeg     . . .     Spirit   .   d - +0 robe
rPois    .         Reflect  .   (no helmet)
rElec    .         Harm     .   (no cloak)
rCorr    .         Rampage  .   (no gloves)
Will     .....                  (no boots)
Stlth    +.........             (no amulet)
HPRegen  0.07/turn              (no ring)
MPRegen  0.09/turn              (no ring)

@: no status effects
A: fangs 1, strong nose, distributed training
a: no special abilities


You were on level 1 of the Dungeon.
You visited 1 branch of the dungeon, and saw 1 of its levels.

You collected 38 gold pieces.

Inventory:

Hand Weapons
 a - a +0 short sword (weapon)
Missiles
 b - 5 javelins (quivered)
 c - 2 throwing nets
 g - 45 bolts
Armour
 d - a +0 robe (worn)
Scrolls
 e - a scroll of immolation
Potions
 f - 2 potions of lignification {unknown}


   Skills:
 + Level 2.4 Fighting
 + Level 0.3 Short Blades
 + Level 0.3 Long Blades
 + Level 0.3 Axes
 + Level 0.3 Maces & Flails
 + Level 0.3 Polearms
 + Level 0.3 Staves
 + Level 0.3 Slings
 + Level 0.3 Bows
 + Level 0.3 Crossbows
 + Level 4.4 Throwing
 + Level 0.3 Armour
 + Level 4.4 Dodging
 + Level 0.3 Stealth
 + Level 0.3 Shields
 + Level 0.3 Unarmed Combat
 + Level 2.7 Spellcasting
 + Level 0.2 Conjurations
 + Level 5.3 Hexes
 + Level 0.2 Summonings
 + Level 0.2 Necromancy
 + Level 0.2 Translocations
 + Level 0.2 Transmutations
 + Level 0.2 Fire Magic
 + Level 0.2 Ice Magic
 + Level 0.2 Air Magic
 + Level 0.2 Earth Magic
 + Level 0.2 Poison Magic
 + Level 0.4 Invocations
 + Level 0.3 Evocations


You had 3 spell levels left.
You knew the following spells:

 Your Spells              Type           Power      Damage    Failure   Level
a - Corona                Hex            15%        N/A       2%          1
b - Slow                  Hex            14%        N/A       4%          2

Your spell library contained the following spells:

 Spells                   Type           Power      Damage    Failure   Level
 Inner Flame              Hex/Fire       8%         N/A       24%         3
 Portal Projectile        Hex/Tloc       16%        N/A       24%         3
 Cause Fear               Hex            7%         N/A       28%         4


Dungeon Overview and Level Annotations

Branches:
Dungeon (1/15)

Altars:


Innate Abilities, Weirdness & Mutations

You have very sharp teeth.
Your uncanny sense of smell can sniff out nearby items.
Your experience applies equally to all skills.


Message History

The giant cockroach is almost dead.
The giant cockroach bites you but does no damage.
The hobgoblin closely misses you.
The giant cockroach bites you but does no damage.
Casting: Corona (safe; 2% risk of failure)
Confirm with . or Enter, or press ? or * to list all spells.
Aiming: Corona (safe; 2% risk of failure)
Press: ? - help, Shift-Dir - straight line, f - hobgoblin, p - giant cockroach
Aim: a hobgoblin (chance to affect: 68%)
The hobgoblin barely resists.
The giant cockroach stops glowing.
The giant cockroach waves its antennae.
The giant cockroach bites you. The hobgoblin hits you.
You barely miss the giant cockroach.
The giant cockroach is almost dead.
The giant cockroach completely misses you.
The hobgoblin barely misses you.
You hit the giant cockroach.
You kill the giant cockroach!
The hobgoblin closely misses you.
Casting: Corona (safe; 2% risk of failure)
Confirm with . or Enter, or press ? or * to list all spells.
Aiming: Slow (safe; 4% risk of failure)
Press: ? - help, Shift-Dir - straight line, f/p - hobgoblin
Aim: a hobgoblin (chance to affect: 68%)
The hobgoblin struggles to resist.
The hobgoblin closely misses you.
You hit the hobgoblin.
The hobgoblin is moderately wounded.
The hobgoblin hits you.
* * * LOW HITPOINT WARNING * * *
You completely miss the hobgoblin.
The hobgoblin is moderately wounded.
The hobgoblin hits you.
* * * LOW HITPOINT WARNING * * *
Casting: Slow (safe; 4% risk of failure)
Confirm with . or Enter, or press ? or * to list all spells.
Aiming: Corona (safe; 2% risk of failure)
Press: ? - help, Shift-Dir - straight line, f/p - hobgoblin
Aim: a hobgoblin (moderately wounded, chance to affect: 68%)
The hobgoblin is outlined in light.
The hobgoblin hits you.
You die...

..#......###
#... #.#......#
#... #.#......#
####
##.####.#......#
.......)#......#
#.####........#
#........#+#+##
######†g.# ∆
#@..# #...#
.......
..........
#..........
#..........
#..........
#.........!


You could see a hobgoblin (corona).

Vanquished Creatures
  3 ball pythons (D:1)
  A bat (D:1)
  A giant cockroach (D:1)
  A hobgoblin (D:1)
  3 jackals (D:1)
  A goblin (D:1)
10 creatures vanquished.

Notes
Turn   | Place    | Note
-------+----------+-------------------------------------------
     0 | D:1      | promet the Gnoll Arcane Marksman began the quest for the
                  | Orb.
     0 | D:1      | Reached XP level 1. HP: 17/17 MP: 4/4
   337 | D:1      | Reached XP level 2. HP: 20/23 MP: 3/5
   340 | D:1      | Learned a level 2 spell: Slow
   487 | D:1      | Slain by a hobgoblin

Illustrated notes

Levels and vault maps discovered:
D:1:      onia_arrival_mini_spirals, layout_basic

Action                   || total
-------------------------++-------
Melee: Short sword       ||    31
       Bite              ||     1
Throw: Javelin           ||     3
 Cast: Corona            ||     7
       Slow              ||     1
  Use: Scroll            ||     1
Armor: Robe              ||     9
Dodge: Dodged            ||    27
